MLB
CLEVELAND INDIANS @ TORONTO BLUE JAYS
09/07/2018
 
TOP OF THE 1ST
Cleveland Indians batting - Pitching for Toronto Blue Jays : RHP Nathan Eovaldi
Pitching: RHP Nathan Eovaldi
Batting: LHB Jacoby Ellsbury 0-0: Ball
1-0: Foul Ball, location: 2F
1-1: Swinging Strike
1-2: Ball
2-2: Ball
3-2: Foul Ball, location: 2F
3-2: Fly out, F8 (Flyball, 89M)
Batting: LHB Matt Carpenter 0-0: SOLO HOME RUN (Flyball, 9D), Distance : 362 ft
Batting: LHB Christian Yelich 0-0: Ball
1-0: Ground out 6-3 (Groundball, 56D)
Batting: LHB Eric Hosmer 0-0: Ball
1-0: Ground out 6-3 (Groundball, 4)
Top of the 1st over - 1 run, 1 hit, 0 errors, 0 left on base; Cleveland 1 - Toronto 0
BOTTOM OF THE 1ST
Toronto Blue Jays batting - Pitching for Cleveland Indians : RHP Jimmy Nelson
Pitching: RHP Jimmy Nelson
Batting: LHB Dee Gordon 0-0: Called Strike
0-1: Ball
1-1: Ball
2-1: Foul Ball, location: 2F
2-2: Strikes out looking
Batting: RHB Elvis Andrus 0-0: Fly out, F7 (Line Drive, 7)
Batting: RHB Andrew McCutchen 0-0: Foul Ball, location: 2F
0-1: Ball
1-1: Ball
2-1: Fly out, F6 (Flyball, 56D)
Bottom of the 1st over - 0 runs, 0 hits, 0 errors, 0 left on base; Cleveland 1 - Toronto 0
TOP OF THE 2ND
Cleveland Indians batting - Pitching for Toronto Blue Jays : RHP Nathan Eovaldi
Batting: LHB Matt Joyce 0-0: Foul Ball, location: 2F
0-1: Ball
1-1: Foul Ball, location: 2F
1-2: Foul Ball, location: 2F
1-2: Ball
2-2: Foul Ball, location: 2F
2-2: Ball
3-2: SINGLE (Line Drive, 89S)
Batting: RHB Steven Souza Jr. 0-0: Called Strike
0-1: Foul Ball, location: 2F
0-2: Strikes out swinging
Batting: RHB Marcus Semien 0-0: Ball
1-0: Fly out, F5 (Popup, 56)
Batting: LHB Brian McCann 0-0: Foul Ball, location: 2F
0-1: Ball
1-1: Ball
2-1: Foul Ball, location: 2F
2-2: Ball
3-2: 2-RUN HOME RUN (Line Drive, 9D), Distance : 364 ft
Batting: RHB Jung-ho Kang 0-0: Called Strike
0-1: Ball
1-1: Ground out 6-3 (Groundball, 6M)
Top of the 2nd over - 2 runs, 2 hits, 0 errors, 0 left on base; Cleveland 3 - Toronto 0
BOTTOM OF THE 2ND
Toronto Blue Jays batting - Pitching for Cleveland Indians : RHP Jimmy Nelson
Batting: SHB Josh Bell 0-0: Called Strike
0-1: SINGLE (Groundball, 34D)
Batting: LHB Carlos Gonzalez 0-0: Ball
1-0: Called Strike
1-1: Foul Ball, location: 2F
1-2: Ball
2-2: Strikes out swinging
Batting: RHB Nicholas Castellanos 0-0: Grounds into double play, 6-4-3 (Groundball, 6)
Bottom of the 2nd over - 0 runs, 1 hit, 0 errors, 0 left on base; Cleveland 3 - Toronto 0
TOP OF THE 3RD
Cleveland Indians batting - Pitching for Toronto Blue Jays : RHP Nathan Eovaldi
Batting: LHB Jacoby Ellsbury 0-0: Called Strike
0-1: Ball
1-1: Ball
2-1: Ball
3-1: Foul Ball, location: 2F
3-2: Base on Balls
Batting: LHB Matt Carpenter 0-0: Ball
1-0: Ball
2-0: Foul Ball, location: 2F
2-1: Foul Ball, location: 2F
2-2: Ball
3-2: Base on Balls
Jacoby Ellsbury to second
Batting: LHB Christian Yelich 0-0: Ball
1-0: Ball
2-0: Called Strike
2-1: Ball
3-1: Base on Balls
Jacoby Ellsbury to third
Matt Carpenter to second
Batting: LHB Eric Hosmer 0-0: Ball
1-0: Ball
2-0: Fly out, F8 (Flyball, 8RS)
Batting: LHB Matt Joyce 0-0: Ball
1-0: Ball
2-0: Swinging Strike
2-1: Fly out, F8 (Flyball, 8RXD)
Runner from 3rd tags up, SCORES, no throw by CF
Matt Carpenter to third
Batting: RHB Steven Souza Jr. 0-0: Called Strike
0-1: Called Strike
0-2: Ball
1-2: Foul Ball, location: 2F
1-2: Fly out, F9 (Flyball, 9LD)
Top of the 3rd over - 1 run, 0 hits, 0 errors, 2 left on base; Cleveland 4 - Toronto 0
BOTTOM OF THE 3RD
Toronto Blue Jays batting - Pitching for Cleveland Indians : RHP Jimmy Nelson
Batting: RHB Jorge Soler 0-0: Ball
1-0: Called Strike
1-1: Foul Ball, location: 2F
1-2: Foul Ball, location: 2F
1-2: Ground out 5-3 (Groundball, 56S)
Batting: SHB Billy Hamilton 0-0: Ball
1-0: Ground out 4-3 (Groundball, 4)
Batting: RHB Austin Hedges 0-0: Ball
1-0: Called Strike
1-1: Swinging Strike
1-2: Ball
2-2: Ground out 6-3 (Groundball, 56)
Bottom of the 3rd over - 0 runs, 0 hits, 0 errors, 0 left on base; Cleveland 4 - Toronto 0
TOP OF THE 4TH
Cleveland Indians batting - Pitching for Toronto Blue Jays : RHP Nathan Eovaldi
Batting: RHB Marcus Semien 0-0: Fly out, F9 (Flyball, 9)
Batting: LHB Brian McCann 0-0: Foul Ball, location: 2F
0-1: Ball
1-1: Foul Ball, location: 2F
1-2: Fly out, F8 (Flyball, 89XD)
Batting: RHB Jung-ho Kang 0-0: Called Strike
0-1: Ball
1-1: Foul Ball, location: 2F
1-2: Ball
2-2: Foul Ball, location: 2F
2-2: SINGLE (Groundball, 56D)
Pitching: RHP JC Ramirez
Batting: LHB Jacoby Ellsbury 0-0: Ball
1-0: Ground out 1-3 (Groundball, 25)
Top of the 4th over - 0 runs, 1 hit, 0 errors, 1 left on base; Cleveland 4 - Toronto 0
BOTTOM OF THE 4TH
Toronto Blue Jays batting - Pitching for Cleveland Indians : RHP Jimmy Nelson
Batting: LHB Dee Gordon 0-0: SINGLE (Groundball, 4MD)
Batting: RHB Elvis Andrus 0-0: Ball
1-0: Ball
2-0: Called Strike
2-1: Fielders Choice at 2nd, 6-4 (Groundball, 6)
Batting: RHB Andrew McCutchen 0-0: Called Strike
0-1: Swinging Strike
0-2: Strikes out swinging
Batting: SHB Josh Bell 0-0: Called Strike
Elvis Andrus is caught stealing 2nd base 2-5
Bottom of the 4th over - 0 runs, 1 hit, 0 errors, 0 left on base; Cleveland 4 - Toronto 0
TOP OF THE 5TH
Cleveland Indians batting - Pitching for Toronto Blue Jays : RHP JC Ramirez
Batting: LHB Matt Carpenter 0-0: Ball
1-0: Ball
2-0: Ball
3-0: Base on Balls
Batting: LHB Christian Yelich 0-0: Called Strike
0-1: Ball
1-1: Foul Ball, location: 2F
1-2: Ball
2-2: Ground out 4-3 (Groundball, 3D)
Matt Carpenter to second
Batting: LHB Eric Hosmer 0-0: Fly out, F8 (Line Drive, 8RD)
Batting: LHB Matt Joyce 0-0: Swinging Strike
0-1: Ball
1-1: Swinging Strike
1-2: Strikes out swinging
Top of the 5th over - 0 runs, 0 hits, 0 errors, 1 left on base; Cleveland 4 - Toronto 0
BOTTOM OF THE 5TH
Toronto Blue Jays batting - Pitching for Cleveland Indians : RHP Jimmy Nelson
Batting: SHB Josh Bell 0-0: Foul Ball, location: 2F
0-1: Foul Ball, location: 2F
0-2: Ground out 6-3 (Groundball, 4)
Batting: LHB Carlos Gonzalez 0-0: DOUBLE (Line Drive, 9LM)
Batting: RHB Nicholas Castellanos 0-0: Ground out 1-3 (Groundball, 15S)
Batting: RHB Jorge Soler 0-0: Ball
1-0: Ball
2-0: Ground out 1-3 (Groundball, 34S)
Bottom of the 5th over - 0 runs, 1 hit, 0 errors, 1 left on base; Cleveland 4 - Toronto 0
TOP OF THE 6TH
Cleveland Indians batting - Pitching for Toronto Blue Jays : RHP JC Ramirez
Batting: RHB Steven Souza Jr. 0-0: Ball
1-0: Called Strike
1-1: Swinging Strike
1-2: Foul Ball, location: 2F
1-2: Ball
2-2: Ball
3-2: Fly out, F8 (Flyball, 8RM)
Batting: RHB Marcus Semien 0-0: Swinging Strike
0-1: Fly out, F9 (Line Drive, 9D)
Batting: LHB Brian McCann 0-0: Ball
1-0: Swinging Strike
1-1: SINGLE (Groundball, 4MD)
Pitching: RHP Emilio Pagan
Batting: RHB Jung-ho Kang 0-0: Called Strike
0-1: Swinging Strike
0-2: Strikes out looking
Top of the 6th over - 0 runs, 1 hit, 0 errors, 1 left on base; Cleveland 4 - Toronto 0
BOTTOM OF THE 6TH
Toronto Blue Jays batting - Pitching for Cleveland Indians : RHP Jimmy Nelson
Batting: SHB Billy Hamilton 0-0: Ball
1-0: Called Strike
1-1: Ground out 4-3 (Groundball, 4)
Batting: RHB Austin Hedges 0-0: Ball
1-0: Called Strike
1-1: Swinging Strike
1-2: Ball
2-2: Foul Ball, location: 2F
2-2: Strikes out looking
Batting: LHB Dee Gordon 0-0: Fly out, F4 (Popup, 34D)
Bottom of the 6th over - 0 runs, 0 hits, 0 errors, 0 left on base; Cleveland 4 - Toronto 0
TOP OF THE 7TH
Cleveland Indians batting - Pitching for Toronto Blue Jays : RHP Emilio Pagan
Batting: LHB Jacoby Ellsbury 0-0: Called Strike
0-1: Ground out 4-3 (Groundball, 34)
Batting: LHB Matt Carpenter 0-0: Ball
1-0: Called Strike
1-1: Ball
2-1: Foul Ball, location: 2F
2-2: Foul Ball, location: 2F
2-2: Ball
3-2: Fly out, F8 (Line Drive, 8RD)
Batting: LHB Christian Yelich 0-0: Swinging Strike
0-1: Foul Ball, location: 2F
0-2: Foul Ball, location: 2F
0-2: Ball
1-2: Foul Ball, location: 2F
1-2: SINGLE (Line Drive, 89M)
Batting: LHB Eric Hosmer 0-0: Called Strike
0-1: Foul Ball, location: 2F
0-2: Ball
Christian Yelich steals 2nd base
1-2: Foul Ball, location: 2F
1-2: Strikes out looking
Top of the 7th over - 0 runs, 1 hit, 0 errors, 1 left on base; Cleveland 4 - Toronto 0
BOTTOM OF THE 7TH
Toronto Blue Jays batting - Pitching for Cleveland Indians : RHP Jimmy Nelson
Batting: RHB Elvis Andrus 0-0: Fly out, F3 (Popup, 3S)
Batting: RHB Andrew McCutchen 0-0: Fly out, F7 (Flyball, 7D)
Batting: SHB Josh Bell 0-0: Ball
1-0: DOUBLE (Flyball, 89D)
Batting: LHB Carlos Gonzalez 0-0: Ball
1-0: Ball
2-0: Ball
3-0: Called Strike
3-1: Base on Balls
Batting: RHB Nicholas Castellanos 0-0: Ball
1-0: Fielders Choice at 2nd, 6-4 (Groundball, 6)
Bottom of the 7th over - 0 runs, 1 hit, 0 errors, 2 left on base; Cleveland 4 - Toronto 0
TOP OF THE 8TH
Cleveland Indians batting - Pitching for Toronto Blue Jays : RHP Emilio Pagan
Pitching: RHP Carson Smith
Batting: LHB Matt Joyce 0-0: Foul Ball, location: 2F
0-1: Ground out 4-3 (Groundball, 34)
Batting: RHB Steven Souza Jr. 0-0: Foul Ball, location: 2F
0-1: Foul Ball, location: 2F
0-2: Ball
1-2: Foul Ball, location: 2F
1-2: Strikes out swinging
Batting: RHB Marcus Semien 0-0: Called Strike
0-1: Ball
1-1: Fly out, F7 (Flyball, 7LM)
Top of the 8th over - 0 runs, 0 hits, 0 errors, 0 left on base; Cleveland 4 - Toronto 0
BOTTOM OF THE 8TH
Toronto Blue Jays batting - Pitching for Cleveland Indians : RHP Jimmy Nelson
Batting: RHB Jorge Soler 0-0: Ball
1-0: Ball
2-0: Foul Ball, location: 2F
2-1: Ball
3-1: Foul Ball, location: 2F
3-2: Fly out, F4 (Popup, 13)
Batting: SHB Billy Hamilton 0-0: Ball
1-0: Ball
2-0: Swinging Strike
2-1: Ball
3-1: Foul Ball, location: 2F
3-2: Base on Balls
Batting: RHB Austin Hedges 0-0: Ball
Wild Pitch!
Billy Hamilton to second
1-0: Called Strike
1-1: Ground out 5-3 (Groundball, 5)
Batting: LHB Dee Gordon 0-0: Ball
1-0: SINGLE (Groundball, 34D)
Billy Hamilton to third
Runner from 3rd tries for Home, SAFE, throw by RF to home
Batting: RHB Elvis Andrus 0-0: SINGLE (Line Drive, 78S)
Dee Gordon to second
Batting: RHB Andrew McCutchen 0-0: Ground out U3 (Groundball, 34)
Bottom of the 8th over - 1 run, 2 hits, 0 errors, 2 left on base; Cleveland 4 - Toronto 1
TOP OF THE 9TH
Cleveland Indians batting - Pitching for Toronto Blue Jays : RHP Carson Smith
Pitching: RHP Danny Barnes
Batting: LHB Brian McCann 0-0: Ball
1-0: Foul Ball, location: 2F
1-1: Foul Ball, location: 2F
1-2: Strikes out swinging
Batting: RHB Jung-ho Kang 0-0: Ball
1-0: SOLO HOME RUN (Flyball, 7D), Distance : 400 ft
Batting: LHB Jacoby Ellsbury 0-0: Fly out, F8 (Flyball, 8LM)
Batting: LHB Matt Carpenter 0-0: Foul Ball, location: 2F
0-1: Foul Ball, location: 2F
0-2: Ground out 4-3 (Groundball, 34)
Top of the 9th over - 1 run, 1 hit, 0 errors, 0 left on base; Cleveland 5 - Toronto 1
BOTTOM OF THE 9TH
Toronto Blue Jays batting - Pitching for Cleveland Indians : RHP Jimmy Nelson
Pitching: LHP Brett Cecil
Batting: SHB Josh Bell 0-0: Ball
1-0: Foul Ball, location: 2F
1-1: Ground out 6-3 (Groundball, 6)
Batting: LHB Carlos Gonzalez 0-0: Ball
1-0: Foul Ball, location: 2F
1-1: Called Strike
1-2: Foul Ball, location: 2F
1-2: Ball
2-2: Foul Ball, location: 2F
2-2: Strikes out swinging
Batting: RHB Nicholas Castellanos 0-0: Foul Ball, location: 2F
0-1: Ball
1-1: Called Strike
1-2: Foul Ball, location: 2F
1-2: Ball
2-2: Strikes out swinging
Bottom of the 9th over - 0 runs, 0 hits, 0 errors, 0 left on base; Cleveland 5 - Toronto 1
Sunday, November 18th, 2018 - OOTP Baseball 19.9 Build 115